 Dungeon Crawl Stone Soup version 0.25.0-1-g7eea58d2a3 (webtiles) character file.

Game seed: 8849666627140156458

1111 inmateoo the Insei (level 8, 0/54 HPs)
             Began as an Octopode Summoner on June 13, 2020.
             Splashed by an orc's acid (13 damage)
             ... on level 7 of the Dungeon.
             The game lasted 00:11:39 (8508 turns).

inmateoo the Insei (Octopode Summoner)              Turns: 8508, Time: 00:11:43

Health: 0/54       AC: -3    Str:  7    XL:     8   Next: 33%
Magic:  11/13      EV: 17    Int: 19    God:
Gold:   508        SH:  0    Dex: 13    Spells: 4/14 levels left

rFire    . . .     SeeInvis +     - Unarmed
rCold    . . .     Gourm    .   (no shield)
rNeg     . . .     Faith    .   (helmet restricted)
rPois    .         Spirit   .   (no amulet)
rElec    .         Reflect  .   s - +4 ring of evasion
rCorr    .         Harm     .   v - ring of see invisible
MR       .....                  (no ring)
Stlth    +++.......             (no ring)
HPRegen  0.18/turn              (no ring)
MPRegen  0.13/turn              (no ring)
                                (no ring)
                                (no ring)

@: corroded, very slightly contaminated
A: almost no armour, stealthy swim, amphibious, 8 rings, constrict 8, camouflage
1, gelatinous body 1
a: no special abilities


You were on level 7 of the Dungeon.
You were very hungry.

You visited 1 branch of the dungeon, and saw 7 of its levels.

You collected 508 gold pieces.

Inventory:

Hand Weapons
 t - a +0 dagger of venom
Missiles
 m - 33 poisoned darts (quivered)
Jewellery
 s - a +4 ring of evasion (left tentacle)
 v - a ring of see invisible (right tentacle)
Wands
 c - a wand of acid (8)
 y - a wand of digging (8)
 z - a wand of paralysis (7)
Scrolls
 a - 3 scrolls of magic mapping
 d - 2 scrolls of immolation
 f - a scroll of remove curse
 j - 2 scrolls of enchant armour
 k - 2 scrolls of amnesia
 o - a scroll of teleportation
 w - a scroll of identify
Potions
 e - 4 potions of curing
 g - a potion of flight {unknown}
 h - a potion of ambrosia {unknown}
 i - 2 potions of magic {unknown}
 l - a potion of might
 n - a potion of haste
 p - 2 potions of stabbing
 q - a potion of resistance
 r - 2 potions of lignification
 u - a potion of heal wounds
 x - a potion of brilliance
Comestibles
 b - 8 rations


   Skills:
 + Level 4.5 Fighting
 - Level 2.0 Dodging
 - Level 2.6 Stealth
 * Level 6.6 Unarmed Combat
 * Level 3.6 Spellcasting
 - Level 4.0 Summonings
 * Level 2.9 Air Magic


You had 4 spell levels left.
You knew the following spells:

 Your Spells              Type           Power        Failure   Level  Hunger
a - Summon Small Mammal   Summ           ###.         2%          1    None
b - Call Imp              Summ           ###.....     4%          2    ##.....
c - Call Canine Familiar  Summ           ###.....     9%          3    ###....
d - Summon Lightning Spi  Summ/Air       ###.....     34%         4    ####...

Your spell library contained the following spells:

 Spells                   Type           Power        Failure   Level  Hunger
 Summon Guardian Golem    Hex/Summ       ##......     19%         3    ###....
 Summon Ice Beast         Ice/Summ       ##......     52%         4    ####...


Dungeon Overview and Level Annotations

Branches:
Dungeon (7/15)
 Temple: D:4-7

Altars:
Ashenzari
Fedhas
Nemelex Xobeh
Yredelemnul


Innate Abilities, Weirdness & Mutations

You cannot wear most types of armour.
You are very stealthy in the water. (Stealth+)
You are amphibious.
You can wear up to eight rings at the same time.
You can use your tentacles to constrict eight enemies at once.
Your skin changes colour to match your surroundings (Stealth+).
Your rubbery body absorbs attacks. (AC +1, EV +1)


Message History

Things that are here:
a +0 ring mail; an orc corpse You tentacle-slap the orc but do no damage.
You grab the orc. You constrict the orc.
The orc struggles to escape constriction.
You tentacle-slap the orc.
The orc is heavily wounded.
You constrict the orc, but do no damage.
The orc zaps a wand.
The bolt of acid hits the orc!
The orc is splashed with acid.
The acid corrodes the orc!
The orc dies!
The bolt of acid hits you! The acid corrodes you!
You are splashed with acid!
There is a stone staircase leading up here.
The orc zaps a wand.
The bolt of acid hits the orc!
The orc is splashed with acid.
The acid corrodes the orc!
The orc dies!
The bolt of acid hits you!
* * * LOW HITPOINT WARNING * * *
You are splashed with acid!
You die...

#..))..[....#(........#.....#....
##<)o...h......#......##....#...#
##.....###...###......#.#.....##
##..)...# ##.####...#######..####
#......## ##o.##....# #...# ##
...##....##..o...##.# ###...###.
...###..####)#o.###..# #.........
........# .oo##)#################
.............##.@#..5.o......
.........###..#....#..o#...#.
รท.#....>.# #....##......o....
..##..... #..####.#...#...#.
...##...( #.. ##....$..... ...#
...# #. ########### ..... ### #.
.....# # .....#


You could see 3 orcs.

Vanquished Creatures
  2 bullfrogs
  A scorpion (D:6)
  A howler monkey (D:5)
  2 nameless horrors
  2 hounds
  A centaur skeleton (D:6)
  2 orc wizards
  7 worker ants
  2 gnolls (D:7)
  12 adders
  A worm (D:2)
  4 dart slugs
  6 leopard geckos
  6 orcs
  3 giant cockroaches
  5 goblins
  6 hobgoblins
  6 jackals
  7 kobolds
  5 quokkas
  3 ball pythons
  7 bats
  3 frilled lizards
  2 quokka skeletons
  7 rats
103 creatures vanquished.

Vanquished Creatures (collateral kills)
  A sky beast (D:6)
  An ogre (D:4)
  A phantom (D:6)
  A crimson imp (D:6)
  A hound (D:7)
  A gnoll shaman (D:7)
  An orc priest (D:4)
  3 orc wizards
  2 iguanas
  A worker ant (D:4)
  A worker ant zombie (D:7)
  7 gnolls
  An adder (D:6)
  2 worms
  4 leopard geckos
  6 orcs
  A bat (D:3)
  A giant cockroach (D:1)
  2 goblins
  A hobgoblin (D:3)
  2 jackals (D:3)
  A frilled lizard (D:1)
42 creatures vanquished.

Vanquished Creatures (others)
  2 orcs (D:7)
2 creatures vanquished.

Grand Total: 147 creatures vanquished

Notes
Turn   | Place    | Note
-------+----------+-------------------------------------------
     0 | D:1      | inmateoo the Octopode Summoner began the quest for the Orb.
     0 | D:1      | Reached XP level 1. HP: 11/11 MP: 3/3
   281 | D:1      | Reached skill level 1 in Unarmed Combat
   283 | D:1      | Reached XP level 2. HP: 13/18 MP: 5/5
   754 | D:1      | Reached skill level 1 in Fighting
   887 | D:1      | Reached skill level 2 in Unarmed Combat
   890 | D:1      | Reached XP level 3. HP: 23/23 MP: 6/6
  1752 | D:2      | Reached XP level 4. HP: 18/29 MP: 7/7
  1962 | D:2      | Reached skill level 3 in Unarmed Combat
  2190 | D:2      | Found a sparkling altar of Nemelex Xobeh.
  2244 | D:2      | Found a basalt altar of Yredelemnul.
  2245 | D:2      | Found a blossoming altar of Fedhas.
  2249 | D:2      | Found a shattered altar of Ashenzari.
  2385 | D:2      | You fall into a shaft and drop 2 floors!
  2466 | D:4      | Learned a level 2 spell: Call Imp
  2470 | D:4      | Learned a level 3 spell: Call Canine Familiar
  2706 | D:4      | Noticed an ogre
  2730 | D:4      | Killed an ogre
  2730 | D:4      | Reached skill level 4 in Unarmed Combat
  2730 | D:4      | Reached XP level 5. HP: 13/35 MP: 2/8
  3254 | D:4      | Reached XP level 6. HP: 41/41 MP: 3/9
  4122 | D:5      | Entered Level 5 of the Dungeon
  4391 | D:3      | Reached skill level 5 in Unarmed Combat
  5267 | D:5      | Reached XP level 7. HP: 37/47 MP: 6/10
  6483 | D:5      | Learned a level 4 spell: Summon Lightning Spire
  6677 | D:6      | Noticed a nameless horror
  6697 | D:6      | Reached skill level 1 in Air Magic
  6702 | D:6      | Reached skill level 6 in Unarmed Combat
  6727 | D:6      | Killed a nameless horror
  7743 | D:6      | Reached XP level 8. HP: 54/54 MP: 6/12
  8508 | D:7      | Splashed by an orc's acid

Illustrated notes

Levels and vault maps discovered:
D:1:      ncdulo_wetmaze, layout_loops_ring
D:2:      layout_basic, gammafunk_temple_overflow_forgotten,
          serial_corexii_hall, corexii_hall_statues_l,
          chequers_hall_statues_wall_a, nemelex_xobeh_ov_fountains_minmay
D:3:      layout_rooms
D:4:      layout_basic, first_ration, chequers_serial_rivers_room_b
D:5:      layout_rooms
D:6:      layout_rooms, corexii_hall_statues_l
D:7:      layout_cave_pools, lemuel_coloured_pillars_altar, temple_pool_b,
          ebering_ghost_reflecting_pool, minmay_unpleasant_kobolds,
          uniq_prince_ribbit1

Skill      XL: |  1  2  3  4  5  6  7 |
---------------+----------------------+-----
Unarmed Combat | 1 2 4 5 6 |  6.6
Fighting       | 1 2 3 4 |  4.5
Air Magic      | 2 |  2.9
Spellcasting   | 3 |  3.6
Dodging        | |  2.0
Stealth        | |  2.6
Summonings     | |  4.0

Action                   |  1- 3 |  4- 6 |  7- 9 || total
-------------------------+-------+-------+-------++-------
Melee: Unarmed           |   101 |   136 |   142 ||   379
       Constrict         |    27 |    36 |    29 ||    92
       Tentacles         |    10 |    20 |    27 ||    57
       Punch             |     2 |     2 |     5 ||     9
 Cast: Summon Small Mamm |     3 |       |     1 ||     4
       Call Imp          |       |     7 |    13 ||    20
       Call Canine Famil |       |     8 |    24 ||    32
       Summon Lightning  |       |       |     3 ||     3
Evoke: Wand              |       |       |     2 ||     2
  Use: Scroll            |       |       |    16 ||    16
       Potion            |       |       |     1 ||     1
 Stab: Sleeping          |    12 |    13 |     2 ||    27
       Distracted        |       |       |     4 ||     4
  Eat: Chunk             |     3 |    11 |    11 ||    25
       Ration            |       |       |     1 ||     1
Armor: Skin              |    11 |     7 |     4 ||    22
Dodge: Dodged            |    82 |    83 |   101 ||   266
